 Dungeon Crawl Stone Soup version 0.17-a0-1914-gde4187c (webtiles) character file.

22481 4thArraOfDagon the Transmogrifier (level 12, -1/157 HPs)
             Began as a Centaur Air Elementalist on Sept 25, 2015.
             Was an Initiate of Ru.
             Killed from afar by a deep elf conjurer (15 damage)
             ... with a bolt of fire
             ... on level 1 of the Elven Halls on Sept 26, 2015.
             The game lasted 01:09:36 (11108 turns).

4thArraOfDagon the Transmogrifier (CeAE)           Turns: 11108, Time: 01:09:36

Health: -1/157     AC: 20    Str: 17 (18) XL:     12   Next: 63%
Magic:  21/21      EV:  7    Int: 18      God:    Ru [......]
Gold:   269        SH:  0    Dex: 11      Spells: 6 memorised, 8 levels left

rFire  . . .     SeeInvis .     m - +2 war axe (elec)
rCold  . . .     Rnd*Rage +     V - +0 scale mail
rNeg   . . .     SustAt   .     (no shield)
rPois  .         Gourm    .     u - +2 helmet of Refuge {Regen+}
rElec  .         Spirit   .     A - +2 cloak {MR+}
rCorr  .         Warding  .     s - +0 pair of gloves
rMut   .         Stasis   .     S - +3 centaur barding
MR     +....                    (no amulet)
Stlth  ..........               g - ring of stealth
                                h - +2 ring of strength

@: berserking, repel missiles, drained, very quick, somewhat resistant to
hostile enchantments, extremely unstealthy
A: hooves 3, berserk 1, deformed body, deterioration 1, speed 2, robust 1, tough
skin 3
a: Renounce Religion


You were on level 1 of the Elven Halls.
You worshipped Ru.
Ru was noncommittal.
You were not hungry.

You visited 3 branches of the dungeon, and saw 18 of its levels.
You also visited: Ossuary.

You collected 1723 gold pieces.
You spent 1454 gold pieces at shops.

Inventory:

Hand weapons
 e - a +0 trident
 l - a +1 dire flail of protection
 m - a +2 war axe of electrocution (weapon)
 L - the +0 hand axe of Xusiyty {antimagic, MR+ Dex+3}
   (You took it off a centaur on level 11 of the Dungeon)

   It disrupts the flow of magical energy around spellcasters and certain
   magical creatures (including the wielder).
   It affects your dexterity (+3).
   It affects your resistance to hostile enchantments.
 N - a +1 hand axe of freezing
 P - a +1 short sword of flaming (quivered) {hydra bane}
Missiles
 R - 17 poisoned needles
Armour
 s - a +0 pair of gloves (worn)
 u - the +2 helmet of Refuge (worn) {Regen+}
   (You bought it in a shop on level 4 of the Orcish Mines)

   It increases your rate of regeneration.
 A - a +2 cloak of magic resistance (worn)
 G - a +2 cloak
 H - a +2 cloak
 S - a +3 centaur barding (worn)
 V - a +0 scale mail (worn)
Jewellery
 g - a ring of stealth (right hand)
 h - a +2 ring of strength (left hand)
 D - an uncursed ring of sustain attributes
 T - a +2 ring of intelligence
Magical devices
 k - a wand of confusion (0)
 z - a wand of cold (1)
 B - a wand of digging (8)
 E - a wand of random effects (1)
 I - a wand of magic darts (23)
 M - a wand of disintegration (7)
Scrolls
 r - 2 scrolls of magic mapping
 t - 4 scrolls of noise
 v - 2 scrolls of amnesia
 w - 2 scrolls of remove curse
 K - 2 scrolls of enchant armour
 O - a scroll of recharging
 Q - a scroll of blinking
Potions
 a - a potion of lignification
 d - 6 potions of heal wounds
 f - a potion of resistance
 i - 8 potions of curing
 p - a potion of flight
 x - a potion of might
 C - 2 potions of cancellation
 J - a potion of ambrosia
Books
 b - a book of Air

   Spells                             Type                      Level
   a - Shock                          Conjuration/Air              1
   b - Swiftness                      Charms/Air                   2
   c - Repel Missiles                 Charms/Air                   2
   d - Static Discharge               Conjuration/Air              3
   e - Lightning Bolt                 Conjuration/Air              5
 n - a book of Death

   Spells                             Type                      Level
   a - Corpse Rot                     Necromancy                   2
   b - Sublimation of Blood           Necromancy                   2
   c - Agony                          Necromancy                   5
   d - Dispel Undead                  Necromancy                   5
   e - Excruciating Wounds            Charms/Necromancy            5
   f - Bolt of Draining               Conjuration/Necromancy       5
 F - a book of the Earth

   Spells                             Type                      Level
   a - Leda's Liquefaction            Hexes/Earth                  4
   b - Bolt of Magma                  Conjuration/Fire/Earth       5
   c - Statue Form                    Transmutation/Earth          6
   d - Iron Shot                      Conjuration/Earth            6
   e - Shatter                        Earth                        9
 U - a Young Poisoner's Handbook

   Spells                             Type                      Level
   a - Sting                          Conjuration/Poison           1
   b - Cure Poison                    Poison                       2
   c - Mephitic Cloud                 Conjuration/Poison/Air       3
   d - Olgreb's Toxic Radiance        Poison                       4
   e - Venom Bolt                     Conjuration/Poison           5
Comestibles
 c - 5 bread rations
 j - 2 chunks of flesh
 o - 36 fruits
 q - 6 meat rations
 W - a slice of pizza


   Skills:
 - Level 6.2(5.6) Fighting
 - Level 9.1(8.4) Axes
 - Level 5.1(4.5) Dodging
 - Level 1.2(0.7) Stealth
 + Level 6.5(5.8) Spellcasting
 - Level 1.0(0.4) Conjurations
 * Level 9.5(8.8) Transmutations
 - Level 2.8(2.2) Air Magic
 * Level 9.1(8.4) Earth Magic
 - Level 2.1(1.5) Evocations


You had 8 spell levels left.
You knew the following spells:

 Your Spells              Type           Power        Failure   Level  Hunger
a - Shock                 Conj/Air       ##..         30%         1    None
b - Repel Missiles        Chrm/Air       #.....       43%         2    None
c - Statue Form           Trmt/Erth      #####....    99%         6    #######
d - Swiftness             Chrm/Air       #.......     43%         2    None
e - Mephitic Cloud        Conj/Pois/Air  #.......     90%         3    ##.....
f - Cure Poison           Pois           #.........   80%         2    None


Dungeon Overview and Level Annotations

Branches:
Dungeon (13/15)              Lair (0/8) D:11            Orc (4/4) D:10
    Elf (1/3) Orc:4        Vaults (0/5) D:13
 Temple: D:4-7

Altars:
Ashenzari
Dithmenos
Elyvilon
Gozag
Nemelex Xobeh
Qazlal
Ru
Sif Muna
Trog
Vehumet
Xom
Yredelemnul
Zin

Shops:
D:9 *   Orc:2 !   Orc:4 ***=

Annotations:
D:8 Pikel
D:10 Josephine
D:12 exclusions: cyclops and upstairs, Psyche
D:13 Frances, Rupert


Innate Abilities, Weirdness & Mutations

You have hooves in place of feet.
Armour fits poorly on your strangely shaped body.
You cover ground very quickly.
You have extremely tough skin (AC +3).
You tend to lose your temper in combat.
Your body sometimes deteriorates upon taking damage.
You are robust (+10% HP).


Message History

You closely miss the deep elf fighter.
The deep elf fighter is severely wounded.
The deep elf fighter hits you but does no damage. x2
The deep elf conjurer casts a spell at you.
The bolt of negative energy hits you!
You feel drained.
* * * LOW HITPOINT WARNING * * *
Your body deteriorates!
You feel weakened.
Unknown command.
A red film seems to cover your vision as you go berserk!
You feel yourself moving faster!
You feel mighty!
You miss the deep elf conjurer. Your kick misses the deep elf conjurer.
The deep elf conjurer is moderately wounded.
You slash the deep elf fighter!
The deep elf fighter is almost dead.
You barely miss something.
The deep elf fighter hits you but does no damage.
Something hits you but does no damage.
The deep elf conjurer casts a spell at you.
The bolt of fire hits you!
You die...

#... ##..####### #..
...#.....#..#
..(#.....#..#.
#..#.....#..#..
#..#.....#..#..###
#..#.....#..#.....
#e)#.....#..#.....
#####@e##'####..#####'
........)..)............
........................
########################


You could see a deep elf conjurer and a deep elf fighter.

Vanquished Creatures
  A deep elf demonologist (Elf:1)
  4 ogre magi (Orc:4)
  A deep elf knight (Elf:1)
  2 deep elf summoners (Elf:1)
  A deep elf conjurer (Elf:1)
  A manticore (D:11)
  A cyclops (Orc:4)
  An orc sorcerer (Orc:1)
  A troll (D:9)
  3 deep elf priests (Elf:1)
  15 two-headed ogres
  A two-headed ogre (shapeshifter) (Elf:1)
  4 deep elf magi (Elf:1)
  6 deep elf fighters (Elf:1)
  A hog (D:10)
  3 wyverns
  A hippogriff (D:12)
  6 wargs
  A water moccasin (D:10)
  A phantom (D:12)
  A necrophage (D:10)
  8 black bears (D:11)
  An ice beast (D:11)
  An eye of draining (D:12)
  9 orc warriors
  26 ogres
  6 big kobolds
  A crocodile (D:9)
  4 centaurs
  7 giant frogs
  An elf skeleton (D:8)
  2 jellies (D:11)
  5 killer bees (D:11)
  A wight (Ossuary)
  6 crimson imps
  2 centaur zombies
  3 centaur skeletons
  A giant frog skeleton (D:7)
  14 orc priests
  Crazy Yiuf (D:2)
  A human zombie (D:8)
  Ijyb (D:3)
  5 hounds
  3 gnoll shamans (D:11)
  2 human skeletons (D:8)
  25 orc wizards
  An iguana (D:10)
  4 sheep (D:10)
  5 worker ants
  A hound skeleton (D:11)
  Robin (D:3)
  8 adders
  2 gnolls (D:11)
  2 shadow imps
  3 adder zombies
  A worm (D:3)
  2 adder skeletons
  122 orcs
  A bat (D:1)
  3 giant cockroaches
  5 hobgoblins
  15 jackals
  5 kobolds
  2 quokkas
  2 giant geckos
  8 goblins (D:3)
  3 hobgoblin skeletons (Ossuary)
  A hobgoblin zombie (Ossuary)
  A jackal zombie (D:8)
  A kobold zombie (Ossuary)
  3 orc skeletons
  3 orc zombies
  A quokka zombie (D:7)
398 creatures vanquished.

Vanquished Creatures (others)
  A hog (D:11)
  An orc (Elf:1)
  16 plants (D:11)
18 creatures vanquished.

Grand Total: 416 creatures vanquished

Notes
Turn   | Place    | Note
--------------------------------------------------------------
     0 | D:1      | 4thArraOfDagon the Centaur Air Elementalist began the quest for the Orb.
     0 | D:1      | Reached XP level 1. HP: 14/14 MP: 3/3
     0 | D:1      | Upgraded the game from 0.17-a0-1910-g4c791fa to 0.17-a0-1914-gde4187c
    34 | D:1      | Reached skill level 1 in Conjurations
   108 | D:3      | Noticed Robin
   229 | D:3      | Noticed Ijyb
   264 | D:4      | You fall through a shaft!
   264 | D:5      | Entered Level 5 of the Dungeon
   313 | D:5      | Noticed a phantom
   490 | D:4      | Noticed an ogre
   534 | D:4      | Killed an ogre
   534 | D:4      | Reached skill level 1 in Fighting
   534 | D:4      | Reached XP level 2. HP: 20/23 MP: 2/4
   534 | D:4      | Reached XP level 3. HP: 24/28 MP: 2/5
   534 | D:4      | Reached XP level 4. HP: 30/35 MP: 2/6
   576 | D:4      | Learned a level 2 spell: Repel Missiles
   609 | D:4      | Found a sparkling altar of Nemelex Xobeh.
   705 | D:4      | Noticed an orc priest
   766 | D:4      | Noticed an orc wizard
   827 | D:5      | Noticed an orc wizard
   828 | D:5      | Noticed an orc priest
   972 | D:7      | Reached skill level 3 in Axes
   972 | D:7      | Reached XP level 5. HP: 25/41 MP: 7/7
   980 | D:7      | Noticed a hippogriff
  1048 | D:5      | Noticed an orc wizard
  1048 | D:5      | Noticed an orc priest
  1104 | D:7      | Noticed a giant frog
  1122 | D:6      | Killed a giant frog
  1145 | D:7      | Found a stormy altar of Qazlal.
  1179 | D:7      | Found a shimmering altar of Xom.
  1197 | D:7      | Found a bloodstained altar of Trog.
  1210 | D:7      | Found a glowing silver altar of Zin.
  1246 | D:7      | Reached XP level 6. HP: 30/50 MP: 6/8
  1306 | D:7      | Found a sacrificial altar of Ru.
  1315 | D:7      | Became a worshipper of Ru the Awakened
  1343 | D:7      | Noticed an ogre
  1559 | D:4      | Killed an orc priest
  1559 | D:4      | Reached skill level 4 in Axes
  1563 | D:4      | Killed an orc wizard
  1712 | D:3      | Killed Ijyb
  1739 | D:3      | Killed Robin
  1783 | D:3      | Found a shattered altar of Ashenzari.
  1861 | D:2      | Noticed Crazy Yiuf
  1878 | D:2      | Killed Crazy Yiuf
  2266 | D:5      | Noticed an orc wizard
  2293 | D:6      | Reached XP level 7. HP: 52/57 MP: 9/9
  2355 | D:6      | Noticed a sky beast
  2463 | D:7      | Learned a level 6 spell: Statue Form
  2478 | D:7      | Found a shadowy altar of Dithmenos.
  2505 | D:7      | Killed an ogre
  2505 | D:7      | Reached skill level 5 in Axes
  2616 | D:8      | Noticed a wyvern
  2682 | D:8      | Killed a wyvern
  2704 | D:8      | Found a sand-covered staircase.
  2712 | Ossuary  | Entered an ossuary
  2859 | Ossuary  | Noticed a wraith
  2859 | Ossuary  | Noticed a flying skull
  2924 | Ossuary  | Noticed a flying skull
  2926 | Ossuary  | Noticed a flying skull
  2932 | Ossuary  | Noticed a wraith
  3016 | Ossuary  | Noticed a wraith
  3080 | D:8      | Reached XP level 8. HP: 60/66 MP: 11/11
  3148 | D:7      | Noticed an ogre
  3164 | D:7      | Killed an ogre
  3314 | D:8      | Reached skill level 6 in Axes
  3343 | D:8      | Noticed Pikel
  3398 | D:9      | Found Xumariba's General Store.
  3416 | D:9      | Bought a wand of disintegration (10) for 238 gold pieces
  3416 | D:9      | Bought a scroll of identify for 34 gold pieces
  3416 | D:9      | Bought a potion of poison for 17 gold pieces
  3579 | D:9      | Noticed a troll
  3814 | D:9      | Reached skill level 1 in Transmutations
  3896 | D:9      | Reached skill level 1 in Earth Magic
  4164 | D:9      | Found a basalt altar of Yredelemnul.
  4208 | D:10     | Entered Level 10 of the Dungeon
  4442 | D:10     | Reached skill level 5 in Fighting
  4442 | D:10     | Reached XP level 9. HP: 63/74 MP: 13/13
  4485 | D:10     | Noticed Josephine
  4596 | D:10     | Found a white marble altar of Elyvilon.
  4708 | D:10     | Learned a level 2 spell: Swiftness
  5130 | D:12     | Reached skill level 7 in Axes
  5145 | D:12     | Noticed a centaur zombie
  5158 | D:12     | Killed a centaur zombie
  5221 | D:11     | Noticed a manticore
  5252 | D:12     | Noticed a centaur skeleton
  5262 | D:12     | Killed a centaur skeleton
  5369 | D:12     | Noticed a cyclops
  5377 | D:13     | Found a gate to the Vaults.
  5377 | D:13     | Noticed a wizard
  5377 | D:13     | Noticed a skeletal warrior
  5377 | D:13     | Noticed Rupert
  5377 | D:13     | Noticed an orc knight
  5377 | D:13     | Noticed a centaur warrior
  5397 | D:12     | Reached XP level 10. HP: 51/81 MP: 15/15
  5493 | D:11     | Noticed a manticore
  5502 | D:11     | Killed a manticore
  5626 | D:11     | Noticed a brown ugly thing
  5702 | D:13     | Noticed Frances
  5863 | D:11     | Noticed a hill giant
  5884 | D:11     | Noticed a manticore
  5979 | D:12     | Found a radiant altar of Vehumet.
  6146 | D:12     | Reached skill level 5 in Transmutations
  6178 | D:12     | Noticed Psyche
  6237 | D:11     | Reached skill level 1 in Evocations
  6274 | D:11     | Reached skill level 8 in Axes
  6294 | D:11     | Noticed a centaur skeleton
  6297 | D:11     | Reached skill level 5 in Earth Magic
  6304 | D:11     | Got an uncursed translucent hand axe {antimagic}
  6310 | D:11     | Identified the +0 hand axe of Xusiyty {antimagic, MR+ Dex+3} (You took it off a centaur on level 11 of the Dungeon)
  6394 | D:11     | Killed a centaur skeleton
  6447 | D:11     | Reached skill level 5 in Dodging
  6538 | D:11     | Noticed a hill giant
  6802 | D:11     | Found a staircase to the Lair.
  7337 | D:9      | Found a deep blue altar of Sif Muna.
  7376 | D:9      | Found an opulent altar of Gozag.
  7415 | D:9      | Bought 2 potions of heal wounds for 170 gold pieces
  7467 | D:9      | Killed a troll
  7473 | D:9      | :(
  7783 | D:10     | Reached XP level 11. HP: 76/89 MP: 17/17
  7817 | D:10     | Found a staircase to the Orcish Mines.
  7892 | Orc:1    | Entered Level 1 of the Orcish Mines
  8153 | Orc:2    | Found Kakkum's Distillery.
  8161 | Orc:2    | Bought a potion of mutation for 40 gold pieces
  8161 | Orc:2    | Bought a potion of mutation for 40 gold pieces
  8161 | Orc:2    | Bought a potion of heal wounds for 80 gold pieces
  8161 | Orc:2    | Bought a potion of heal wounds for 80 gold pieces
  8161 | Orc:2    | Bought a potion of curing for 48 gold pieces
  8161 | Orc:2    | Bought a potion of curing for 48 gold pieces
  8175 | Orc:2    | Gained mutation: You tend to lose your temper in combat. [potion of mutation]
  8175 | Orc:2    | Gained mutation: You evolve. [potion of mutation]
  8175 | Orc:2    | Gained mutation: You are partially covered in rough black scales (AC +4, Dex -1). [potion of mutation]
  8176 | Orc:2    | Gained mutation: Your body sometimes deteriorates upon taking damage. [potion of mutation]
  8176 | Orc:2    | Lost mutation: You are partially covered in rough black scales (AC +4, Dex -1). [potion of mutation]
  8177 | Orc:2    | :(
  8253 | Orc:2    | cant kill orc warrior
  8253 | Orc:2    | off full hp
  8253 | Orc:2    | how pathetic this char is
  8522 | Orc:3    | Noticed an ogre mage
  9056 | Orc:4    | Entered Level 4 of the Orcish Mines
  9294 | Orc:4    | Reached skill level 9 in Axes
  9358 | Orc:4    | Gained mutation: You are robust (+10% HP). [evolution]
  9358 | Orc:4    | Lost mutation: You evolve. [end of evolution]
  9619 | Orc:4    | Reached skill level 5 in Spellcasting
  9727 | Orc:4    | Noticed an ogre mage
  9737 | Orc:4    | Killed an ogre mage
  9755 | Orc:4    | Noticed an ogre mage
  9768 | Orc:4    | Killed an ogre mage
 10121 | Orc:4    | Noticed an ogre mage
 10130 | Orc:4    | Killed an ogre mage
 10244 | Orc:4    | Noticed an ogre mage
 10250 | Orc:4    | Reached XP level 12. HP: 92/105 MP: 20/20
 10275 | Orc:4    | Killed an ogre mage
 10310 | Orc:4    | Learned a level 3 spell: Mephitic Cloud
 10313 | Orc:4    | Learned a level 2 spell: Cure Poison
 10354 | Orc:4    | Found Kujaust's Jewellery Shoppe.
 10354 | Orc:4    | Found Yfooh's General Store.
 10355 | Orc:4    | Found Xynwarchy's General Store.
 10355 | Orc:4    | Found Izaorgh's General Store.
 10480 | Orc:4    | Bought the +2 helmet of Refuge {Regen+} for 279 gold pieces
 10480 | Orc:4    | Bought a potion of might for 52 gold pieces
 10480 | Orc:4    | Bought a scroll of recharging for 123 gold pieces
 10480 | Orc:4    | Bought a scroll of blinking for 97 gold pieces
 10495 | Orc:4    | Bought a potion of curing for 54 gold pieces
 10495 | Orc:4    | Bought a scroll of teleportation for 54 gold pieces
 10499 | Orc:4    | Found a staircase to the Elven Halls.
 10588 | Elf:1    | Entered Level 1 of the Elven Halls
 10940 | Elf:1    | Noticed a deep elf demonologist
 10943 | Elf:1    | Killed a deep elf demonologist
 11108 | Elf:1    | Killed from afar by a deep elf conjurer

Vault maps used:
D:1:      lightli_arrival_windingriver
D:2:      first_bread, uniq_crazy_yiuf_cottage, uniq_natasha
D:3:      lemuel_crystal_altar, ashenzari_conservatory_becter, uniq_robin,
          uniq_iyjb
D:4:      nemelex_xobeh_ov_fountains_minmay, minmay_temple_entry_fiery,
          kennysheep_minor_cross
D:6:      lemuel_coloured_pillars_altar
D:7:      lemuel_round_altar, minitemple, grunt_qazlal_sundering,
          nicolae_dithmenos_through_a_glass_darkly
D:8:      nicolae_ossuary_entry_catacombs, uniq_pikel
D:9:      nicolae_overflow_hidden_temple, nicolae_overflow_crystal_walls,
          amethyst_overflow_temple_binary, serial_shops, nicolae_shop_trees,
          blue_anna_alchemist
D:10:     erik_orc_1, basic_altar, uniq_josephine
D:11:     kennysheep_town
D:12:     basic_altar, uniq_psyche
D:13:     david_vaults_3, minmay_misc_feat_columns, nrook_mini_vaults,
          uniq_maud, uniq_frances, uniq_kirke
Orc:2:    serial_shops, nicolae_shop_trees
Orc:3:    giant_chief_lemuel, nicolae_orc_pool_cavern
Orc:4:    st_orc_ogre_mass
Elf:1:    eino_elf_arrival_customs, orc_legates,
          hangedman_research_metamorphosis, uniq_asterion
Ossuary:  ossuary_due_cavern

Action                   |  1- 3 |  4- 6 |  7- 9 | 10-12 || total
-------------------------+-------+-------+-------+-------++-------
Melee: Trident           |    13 |       |       |       ||    13
       Unarmed           |     3 |       |       |       ||     3
       War axe           |       |   149 |   343 |   703 ||  1195
Throw: Throwing net      |       |       |     3 |       ||     3
 Cast: Shock             |     7 |     2 |     4 |       ||    13
       Repel Missiles    |       |     1 |     1 |     2 ||     4
       Statue Form       |       |       |       |     1 ||     1
Invok: Reject Sacrifices |       |       |     2 |     1 ||     3
Evoke: Wand              |       |    12 |    12 |    11 ||    35
  Use: Scroll            |       |     5 |    13 |     7 ||    25
       Potion            |       |       |       |    12 ||    12
 Stab: Confused          |       |     1 |       |       ||     1
       Invisible         |       |       |       |     3 ||     3
       Sleeping          |       |       |       |     2 ||     2
       Distracted        |       |       |       |     1 ||     1
  Eat: Chunk             |       |     3 |    13 |    16 ||    32
       Beef jerky        |       |       |     1 |     2 ||     3
       Royal jelly       |       |       |       |     2 ||     2
       Pizza             |       |       |       |     3 ||     3
